 Dungeon Crawl Stone Soup version 0.25.1-2-g60ff931df9 (webtiles) character file.

Game seed: 14030959883753363257

9571 Gunterle the Grappler (level 11, 0/106 HPs)
             Began as a Troll Abyssal Knight on Sept 22, 2020.
             Was a High Priest of Lugonu.
             Slain by a brown ugly thing (13 damage)
             ... on level 11 of the Dungeon.
             The game lasted 00:29:34 (9968 turns).

Gunterle the Grappler (Troll Abyssal Knight)        Turns: 9968, Time: 00:29:34

Health: 0/106      AC:  7    Str: 22    XL:     11   Next: 24%
Magic:  0/14       EV: 15    Int:  8    God:    Lugonu [*****.]
Gold:   667        SH:  0    Dex: 24    Spells: 10/10 levels left

rFire    . . .     SeeInvis .     - Unarmed
rCold    . . .     Gourm    +   (no shield)
rNeg     + + .     Faith    .   y - +0 animal skin
rPois    .         Spirit   +   (helmet restricted)
rElec    .         Reflect  .   q - +0 cloak
rCorr    .         Harm     .   (gloves unavailable)
MR       .....                  (boots unavailable)
Stlth    ++........             A - amulet "Hero's Friend" {Spirit rN++}
HPRegen  0.67/turn              s - +6 ring of dexterity
MPRegen  0.14/turn              M - +6 ring of dexterity

@: no status effects
A: large, unfitting armour, claws 3, fast metabolism 3, gourmand, regeneration
1, shaggy fur 1, tough skin 3
a: Depart the Abyss, Bend Space, Banish, Corrupt, Enter the Abyss, Renounce
Religion


You were on level 11 of the Dungeon.
You worshipped Lugonu.
Lugonu was extremely pleased with you.
You were very full.

You visited 2 branches of the dungeon, and saw 12 of its levels.
You visited the Abyss 1 time.

You collected 841 gold pieces.
You spent 174 gold pieces at shops.

Inventory:

Missiles
 e - 323 stones
 v - 17 boomerangs (quivered)
 x - 20 poisoned darts
 J - 5 javelins
Armour
 a - a +0 tower shield
 q - a +0 cloak (worn)
 y - a +0 animal skin (worn)
Magical Staves
 E - an uncursed staff of conjuration
 H - an uncursed staff of air {unknown}
 N - an uncursed staff of energy {unknown}
Jewellery
 g - an uncursed ring of positive energy
 s - a +6 ring of dexterity (left claw)
 A - the amulet "Hero's Friend" (around neck) {Spirit rN++}
   (You found it on level 4 of the Dungeon)

   [amulet of guardian spirit]

   It causes incoming damage to be split between your health and magic.
   It greatly protects you from negative energy.
 G - an uncursed ring of see invisible
 I - an uncursed ring of protection from fire
 M - a +6 ring of dexterity (right claw)
Wands
 z - a wand of iceblast (13)
 C - a wand of random effects (42)
Scrolls
 c - 3 scrolls of fear
 f - 2 scrolls of amnesia
 i - 2 scrolls of blinking
 n - 3 scrolls of immolation
 p - 5 scrolls of magic mapping
 t - 3 scrolls of teleportation
 w - a scroll of enchant weapon
 F - a scroll of fog
 K - a scroll of enchant armour {unknown}
 L - a scroll of noise {unknown}
Potions
 d - 3 potions of cancellation
 h - 3 potions of stabbing
 j - 9 potions of haste
 k - 2 potions of mutation
 l - a potion of might {unknown}
 m - a potion of berserk rage {unknown}
 o - 2 potions of brilliance {unknown}
 u - 6 potions of curing {unknown}
 B - 2 potions of magic
Miscellaneous
 D - a tin of tremorstones (3/3)
Comestibles
 b - 25 rations


   Skills:
 + Level 6.3 Fighting
 + Level 6.2 Throwing
 + Level 6.2 Dodging
 * Level 10.1 Unarmed Combat
 + Level 6.6 Invocations
 + Level 3.1 Evocations


You had 10 spell levels left.
You didn't know any spells.
Your spell library contained the following spells:

 Spells                   Type           Power        Failure   Level  Hunger
 Corona                   Hex            #......      41%         1    ##.....
 Foxfire                  Conj/Fire      #...         41%         1    ##.....
 Summon Small Mammal      Summ           #...         41%         1    ##.....
 Call Imp                 Summ           #.......     54%         2    ###....
 Ensorcelled Hibernation  Hex/Ice        #.....       54%         2    ###....
 Call Canine Familiar     Summ           #.......     78%         3    ####...
 Confusing Touch          Hex            #.......     78%         3    ####...
 Conjure Flame            Conj/Fire      #.......     78%         3    ####...
 Dazzling Flash           Conj/Hex       #.....       78%         3    ####...
 Inner Flame              Hex/Fire       #.......     78%         3    ####...
 Summon Guardian Golem    Hex/Summ       #.......     78%         3    ####...
 Tukima's Dance           Hex            #.......     78%         3    ####...
 Sticky Flame             Conj/Fire      #.......     99%         4    #####..
 Summon Ice Beast         Ice/Summ       #.......     99%         4    #####..
 Summon Lightning Spire   Summ/Air       #.......     99%         4    #####..
 Fireball                 Conj/Fire      #.........   100%        5    ######.


Dungeon Overview and Level Annotations

Branches:
Dungeon (11/15)            Temple (1/1) D:6            Lair (0/6) D:10
    Orc: D:9-12

Altars:
Cheibriados
Fedhas
Gozag
Makhleb
Trog
Uskayaw
Vehumet
Wu Jian
Xom
The Shining One
Beogh

Shops:
D:10 ?

Annotations:
D:4 Sigmund
D:6 1 runed translucent door, SeriousMike's ghost, novice DEEn
D:10 1 runed translucent door, Thomus's ghost, journeyman DECj


Innate Abilities, Weirdness & Mutations

You are too large for most types of armour.
You have claws for hands.
Your metabolism is lightning-fast.
You like to eat raw meat.
Your natural rate of healing is unusually fast.
You are covered in fur. (AC +1)
You have extremely tough skin. (AC +3)


Message History

The brown ugly thing is lightly wounded.
The brown ugly thing completely misses you.
You mangle the brown ugly thing!!
The brown ugly thing is moderately wounded.
The brown ugly thing misses you.
You claw the brown ugly thing!
The brown ugly thing is heavily wounded.
You closely miss the brown ugly thing.
The brown ugly thing is heavily wounded.
The brown ugly thing headbutts you!
You are splashed with acid!
You claw the brown ugly thing! x2
The brown ugly thing is severely wounded.
The brown ugly thing headbutts you!
* * * LOW HITPOINT WARNING * * *
You are splashed with acid!
* * * LOW HITPOINT WARNING * * *
You completely miss the brown ugly thing.
The brown ugly thing is severely wounded.
The brown ugly thing headbutts you!
You die...

#... #.r.
#... #..Y ...
#.### #†.Y#
###u# #@#
##'####
#####.....#
###..)'.....#
#<..###.....#
#.### #.....#
+.# #...).+
### #.....#
##+####


You could see a brown ugly thing and a yak.

Vanquished Creatures
  Pikel (D:7)
  A deep elf mage (D:9)
  An ugly thing (D:8)
  2 komodo dragons
  A troll (D:10)
  3 hornets
  A shadow (D:9)
  7 yaks
  A vampire (D:9)
  4 porcupines (D:10)
  A water moccasin (D:10)
  2 ice beasts
  2 slaves (D:7)
  2 orc warriors (D:10)
  2 phantoms
  2 sky beasts
  2 eyes of draining (D:6)
  7 ogres
  3 centaurs
  8 bullfrogs
  3 big kobolds
  A wyvern zombie (D:9)
  A water moccasin skeleton (D:9)
  3 scorpions
  7 wights
  4 killer bees (D:9)
  3 howler monkeys
  2 bullfrog zombies
  7 crimson imps
  4 jellies
  6 hounds
  6 orc priests
  13 orc wizards
  Terence (D:2)
  8 iguanas
  11 worker ants
  A killer bee zombie (D:10)
  2 hound zombies
  A hound skeleton (D:5)
  Robin (D:3)
  6 gnolls
  A howler monkey skeleton (D:6)
  6 adders
  3 shadow imps
  2 adder zombies
  An adder skeleton (D:6)
  6 leopard geckos
  33 orcs
  3 bats
  5 giant cockroaches
  15 goblins
  7 hobgoblins
  20 kobolds
  6 quokkas
  2 ball pythons
  3 frilled lizards
  3 rats
260 creatures vanquished.

Notes
Turn   | Place    | Note
-------+----------+-------------------------------------------
     0 | Abyss:1  | Gunterle the Troll Abyssal Knight began the quest for the
                  | Orb.
     0 | Abyss:1  | Reached XP level 1. HP: 22/22 MP: 1/1
    97 | Abyss:1  | Noticed a large abomination
    97 | Abyss:1  | Noticed a large abomination
    98 | D:1      | Escaped the Abyss
   280 | D:1      | Reached XP level 2. HP: 26/29 MP: 2/2
   494 | D:1      | Reached * piety under Lugonu
   528 | D:1      | You fall into a shaft and drop 1 floor!
   540 | D:2      | Noticed Terence
   554 | D:2      | Killed Terence
   554 | D:2      | Reached XP level 3. HP: 36/36 MP: 3/3
   728 | D:2      | Reached skill level 1 in Throwing
   728 | D:2      | Reached skill level 3 in Unarmed Combat
   728 | D:2      | Reached XP level 4. HP: 30/44 MP: 4/4
  1954 | D:3      | Noticed Robin
  1956 | D:3      | Killed Robin
  1976 | D:3      | Reached ** piety under Lugonu
  2146 | D:3      | Reached XP level 5. HP: 52/52 MP: 5/5
  2423 | D:4      | Found a roughly hewn altar of Beogh.
  2468 | D:4      | Reached skill level 4 in Unarmed Combat
  2468 | D:4      | Reached XP level 6. HP: 59/61 MP: 5/7
  2606 | D:4      | Got a glittering crystal amulet
  2790 | D:4      | Noticed Sigmund
  2923 | D:4      | Found a shimmering altar of Xom.
  2935 | D:4      | Reached XP level 7. HP: 60/67 MP: 8/8
  3089 | D:4      | Found an ornate altar of the Wu Jian Council.
  3263 | D:5      | Entered Level 5 of the Dungeon
  3283 | D:5      | Identified the amulet "Hero's Friend" {Spirit rN++} (You
                  | found it on level 4 of the Dungeon)
  3341 | D:5      | Reached skill level 5 in Unarmed Combat
  3914 | D:5      | Reached *** piety under Lugonu
  4282 | D:5      | Found a glowing golden altar of the Shining One.
  4375 | D:6      | Reached XP level 8. HP: 78/78 MP: 9/9
  4539 | D:6      | Found a blossoming altar of Fedhas.
  4569 | D:6      | Reached skill level 6 in Unarmed Combat
  4702 | D:6      | Found a runed translucent door.
  4704 | D:6      | Noticed SeriousMike's ghost (novice DEEn)
  4766 | D:6      | Found a staircase to the Ecumenical Temple.
  4782 | Temple   | Entered the Ecumenical Temple
  4985 | D:6      | Found a bloodstained altar of Trog.
  5118 | D:6      | Reached skill level 7 in Unarmed Combat
  5308 | D:6      | Reached XP level 9. HP: 85/85 MP: 11/11
  5387 | D:7      | Reached **** piety under Lugonu
  5411 | D:7      | Noticed Pikel
  5441 | D:7      | Killed Pikel
  5806 | D:7      | Reached skill level 5 in Invocations
  6083 | D:7      | Reached skill level 5 in Fighting
  6344 | D:8      | Reached skill level 8 in Unarmed Combat
  6670 | D:8      | Noticed a +0 dagger
  6671 | D:8      | Found a hide-covered altar of Uskayaw.
  6671 | D:8      | Noticed a +0 dagger
  6698 | D:8      | Reached skill level 5 in Dodging
  6859 | D:8      | Reached skill level 1 in Evocations
  7000 | D:8      | Reached skill level 5 in Throwing
  7183 | D:9      | Noticed a komodo dragon
  7203 | D:9      | Killed a komodo dragon
  7203 | D:9      | Reached XP level 10. HP: 50/96 MP: 5/13
  7324 | D:9      | Reached ***** piety under Lugonu
  7418 | D:9      | Noticed a purple ugly thing
  7428 | D:9      | Paralysed by a hornet for 2 turns
  7435 | D:9      | Paralysed by a hornet for 1 turns
  7442 | D:9      | HP: 4/96 [poisoned by a hornet]
  7447 | D:9      | HP: 4/96 [poisoned by a hornet]
  7497 | D:9      | HP: 4/96 [poisoned by a big kobold]
  7502 | D:8      | HP: 4/96 [poisoned by a big kobold]
  7507 | D:8      | HP: 4/96 [poisoned by a big kobold]
  7694 | D:8      | Killed a purple ugly thing
  7694 | D:8      | Reached skill level 9 in Unarmed Combat
  7888 | D:9      | Found an opulent altar of Gozag.
  7890 | D:9      | Found a snail-covered altar of Cheibriados.
  7939 | D:9      | Found a snail-covered altar of Cheibriados.
  7940 | D:9      | Found a radiant altar of Vehumet.
  7950 | D:9      | Noticed a deep elf mage
  8178 | D:9      | Killed a deep elf mage
  8910 | D:9      | Found a burning altar of Makhleb.
  8979 | D:10     | Entered Level 10 of the Dungeon
  8995 | D:10     | Found Dushroot's Magic Scroll Boutique.
  9003 | D:10     | Bought a scroll of remove curse for 36 gold pieces
  9003 | D:10     | Bought a scroll of blinking for 90 gold pieces
  9003 | D:10     | Bought a scroll of identify for 24 gold pieces
  9006 | D:10     | Bought a scroll of identify for 24 gold pieces
  9034 | D:10     | Reached XP level 11. HP: 55/105 MP: 6/14
  9146 | D:10     | Found a staircase to the Lair.
  9535 | D:10     | Found a runed translucent door.
  9564 | D:10     | Noticed Thomus's ghost (journeyman DECj)
  9738 | D:10     | Reached skill level 10 in Unarmed Combat
  9954 | D:11     | Noticed a brown ugly thing
  9968 | D:11     | Slain by a brown ugly thing

Illustrated notes

Levels and vault maps discovered:
D:1:      sevenhm_arrival_forest_fort_large_4, layout_basic
D:2:      layout_loops_ring, first_ration, serial_bayou_crossing, uniq_terence
D:3:      layout_loops_ring, uniq_robin
D:4:      layout_loops_ring, old_standard_altar, kennysheep_mini,
          corexii_checkpoint_a, kennysheep_orc_chapel, uniq_sigmund
D:5:      minmay_inner_zag, layout_basic, tso_oasis_becter, glass_columns_c
D:6:      layout_gridville, trog_eyes_of_draining,
          minmay_temple_entry_butterflies, ebering_ghost_reflecting_pool,
          lemuel_altar_in_water
D:7:      layout_loops_ring, uniq_pikel
D:8:      layout_loops_cross, dancing_weapons_uskayaw, grunt_ogre_cave
D:9:      minmay_the_grid_octo_tiled_squarecenter
          [minmay_the_grid_octo_concentric, minmay_the_grid_octo_focus,
          minmay_the_grid_octo_shrine, minmay_the_grid_octo_chip,
          minmay_the_grid_square_5x5_megaprize_diamond,
          minmay_the_grid_square_5x5_moneybag,
          minmay_the_grid_square_5x5_six_small,
          minmay_the_grid_square_5x5_forky,
          minmay_the_grid_square_5x5_minivault], layout_small_grid,
          makhleb_heckhound_becter
D:10:     layout_irregular_city, grunt_lair_entry_orc_guard_hut, serial_shops,
          shop, ebering_ghost_reflecting_pool
D:11:     layout_roguey [special_room_bee], uniq_grum
Temple:   eino_temple_scatter_basement

Skill      XL: |  1  2  3  4  5  6  7  8  9 10 11 |
---------------+----------------------------------+-----
Dodging        | 2 3 4 5 6 |  6.2
Invocations    | 2 3 4 5 6 |  6.6
Throwing       | 1 2 3 4 5 6 |  6.2
Unarmed Combat | 3 4 5 7 8 9 10 | 10.1
Fighting       | 3 4 5 6 |  6.3
Evocations     | 1 2 3 |  3.1

Action                   |  1- 3 |  4- 6 |  7- 9 | 10-12 || total
-------------------------+-------+-------+-------+-------++-------
Melee: Unarmed           |    57 |   173 |   383 |   260 ||   873
       Punch             |       |     3 |     7 |    16 ||    26
Throw: Stone             |     3 |     1 |       |       ||     4
       Dart              |       |       |    15 |    16 ||    31
       Boomerang         |       |       |    49 |    30 ||    79
Invok: Depart the Abyss  |     1 |       |       |       ||     1
       Bend Space        |       |       |     1 |     4 ||     5
  Use: Scroll            |       |     3 |    10 |     7 ||    20
       Potion            |       |       |       |     3 ||     3
 Stab: Sleeping          |       |       |     4 |     2 ||     6
  Eat: Chunk             |     8 |    24 |    40 |    24 ||    96
Armor: Robe              |    30 |    34 |       |       ||    64
       Animal skin       |       |    24 |    91 |    50 ||   165
Dodge: Dodged            |    24 |    70 |   180 |   129 ||   403
